 Dungeon Crawl Stone Soup version 0.25.1-11-g244df3a29b (webtiles) character file.

Game seed: 12076174048240187068

133 tkbsonic5 the Ducker (level 4, -5/23 HPs)
             Began as a Vampire Gladiator on Dec 20, 2022.
             Slain by Grinder (6 damage)
             ... on level 3 of the Dungeon.
             The game lasted 00:11:59 (2764 turns).

tkbsonic5 the Ducker (Vampire Gladiator)            Turns: 2764, Time: 00:12:00

Health: -5/23      AC:  9    Str: 10 (13) XL:     4   Next: 93%
Magic:  4/4        EV:  5    Int:  7 (10) God:
Gold:   117        SH:  0    Dex: 12 (16) Spells: 3/3 levels left

rFire    . . .     SeeInvis +   a - +1 rapier
rCold    + + .     Gourm    .   (no shield)
rNeg     + + +     Faith    .   h - +0 chain mail
rPois    ∞         Spirit   .   c - +0 helmet
rElec    .         Reflect  .   (no cloak)
rCorr    .         Harm     .   (no gloves)
MR       .....                  (no boots)
Stlth    +.........             (no amulet)
HPRegen  0.00/turn              (no ring)
MPRegen  0.09/turn              (no ring)

@: bloodless
A: no food, fangs 3, see invisible, [frail 1], unbreathing
a: Bat Form, Revivify


You were on level 3 of the Dungeon.
You were bloodless.

You visited 1 branch of the dungeon, and saw 4 of its levels.

You collected 117 gold pieces.

Inventory:

Hand Weapons
 a - a +1 rapier (weapon)
Missiles
 d - 3 throwing nets
 j - 5 poisoned darts (quivered)
Armour
 b - a +0 leather armour
 c - a +0 helmet (worn)
 h - a +0 chain mail (worn)
Wands
 k - a wand of random effects (26)
Scrolls
 e - a scroll of magic mapping
 f - 3 scrolls of remove curse
Potions
 i - a potion of brilliance


   Skills:
 * Level 2.6 Fighting
 * Level 4.2 Short Blades
 + Level 1.9 Throwing
 * Level 4.4 Dodging
 + Level 2.0 Stealth


You had 3 spell levels left.
You didn't know any spells.
Your spell library was empty.

Dungeon Overview and Level Annotations

Branches:
Dungeon (4/15)
 Temple: D:4-7

Altars:

Annotations:
D:3 Grinder


Innate Abilities, Weirdness & Mutations

You do not eat.
You do not regenerate when monsters are visible.
You are frail without blood (-20% HP).
You can heal yourself when you bite living creatures.
You are immune to poison.
You have razor-sharp teeth.
You have supernaturally acute eyesight. (SInv)
You can survive without breathing.
[You are frail. (-10% HP)]


Message History

Grinder is moderately wounded.
Grinder hits you but does no damage.
You closely miss Grinder.
Grinder is moderately wounded.
Grinder hits you.
You closely miss Grinder.
Grinder is moderately wounded.
Grinder hits you.
* * * LOW HITPOINT WARNING * * *
You closely miss Grinder.
Grinder is moderately wounded.
Grinder hits you.
* * * LOW HITPOINT WARNING * * *
Okay, then.
Okay, then.
There is a stone staircase leading up here.
You hit Grinder.
Grinder is heavily wounded.
Grinder hits you.
You die...

#.# # #.# # #.# #
#.# ##(## #
##(..## ##
####.....###### #.
####(..(.........#
##
.[.....@5.........
..##
####.#.......##...
..g. # ##)..(.## .
..## ##....... #
........ #
##........
#........ .#.....
.#.....


You could see Grinder.

Vanquished Creatures
  Ijyb (D:3)
  3 adders
  An adder skeleton (D:2)
  2 worms
  A dart slug (D:3)
  2 leopard geckos
  5 orcs
  8 bats
  5 giant cockroaches
  9 hobgoblins
  4 jackals (D:3)
  7 frilled lizards
  4 goblins
  6 kobolds
  5 rats
63 creatures vanquished.

Notes
Turn   | Place    | Note
-------+----------+-------------------------------------------
     0 | D:1      | tkbsonic5 the Vampire Gladiator began the quest for the
                  | Orb.
     0 | D:1      | Reached XP level 1. HP: 16/16 MP: 1/1
    78 | D:1      | Reached XP level 2. HP: 18/22 MP: 2/2
   147 | D:1      | Reached skill level 1 in Stealth
   656 | D:1      | Reached XP level 3. HP: 26/27 MP: 3/3
  1523 | D:3      | Noticed Grinder
  1579 | D:3      | Noticed Ijyb
  1882 | D:3      | You fall into a shaft and drop 1 floor!
  1963 | D:3      | Reached XP level 4. HP: 25/27 MP: 4/4
  2192 | D:3      | Killed Ijyb
  2663 | D:3      | Paralysed by Grinder for 6 turns
  2738 | D:3      | Paralysed by Grinder for 4 turns
  2747 | D:3      | Paralysed by Grinder for 6 turns
  2761 | D:3      | HP: 1/23 [Grinder (1)]
  2764 | D:3      | Slain by Grinder

Illustrated notes

Levels and vault maps discovered:
D:1:      matt_arrival_debris, layout_basic, minmay_hedge_maze
D:2:      layout_loops_ring, first_ration, dk_vineyard_1
D:3:      minmay_wonky_spiral, layout_loops_ring, uniq_grinder, uniq_ijyb
D:4:      layout_layer_cave, kennysheep_slug_shrine, minmay_joined_circles

Skill      XL: |  1  2  3  4 |
---------------+-------------+-----
Fighting       | 2 |  2.6
Stealth        | 1 2 |  2.0
Dodging        | 4 |  4.4
Short Blades   | 4 |  4.2
Throwing       | |  1.9

Action                   |  1- 3 |  4- 6 || total
-------------------------+-------+-------++-------
Melee: Rapier            |   154 |    76 ||   230
       Bite              |    11 |     7 ||    18
Throw: Dart              |     2 |    15 ||    17
       Throwing net      |     2 |       ||     2
 Abil: Bat Form          |     1 |     1 ||     2
       Exsanguinate      |     1 |     1 ||     2
       End Transformatio |     1 |       ||     1
       Revivify          |       |     1 ||     1
  Use: Potion            |     3 |     2 ||     5
       Scroll            |     4 |     2 ||     6
 Stab: Held in net/web   |     1 |       ||     1
       Sleeping          |     1 |       ||     1
Armor: Leather armour    |    34 |       ||    34
       Skin              |     2 |       ||     2
       Chain mail        |    10 |    40 ||    50
Dodge: Dodged            |    87 |    37 ||   124
